 Dungeon Crawl Stone Soup version 0.28-a0-957-g42eb19b844 (webtiles) character file.

Game seed: 17210326070223188379

11 a11behringer the Ruffian (level 2, -3/23 HPs)
             Began as a Draconian Transmuter on Nov 30, 2021.
             Killed from afar by a dart slug (5 damage)
             ... with a slug dart
             ... on level 1 of the Dungeon.
             The game lasted 00:01:25 (120 turns).

a11behringer the Ruffian (Draconian Transmuter)      Turns: 120, Time: 00:01:26

Health: -3/23      AC:  4    Str: 12    XL:     2   Next: 13%
Magic:  4/5        EV: 12    Int: 13    God:
Gold:   0          SH:  0    Dex: 11    Spells: 4/5 levels left

rFire   . . .      SeeInvis .     - Unarmed
rCold   . . .      Faith    .   (no shield)
rNeg    . . .      Spirit   .   (armour unavailable)
rPois   .          Reflect  .   (helmet currently unavailable)
rElec   .          Harm     .   (no cloak)
rCorr   .          Rampage  .   (no gloves)
Will    .....                   (boots currently unavailable)
Stlth   +.........              (no amulet)
HPRegen 0.07/turn               (no ring)
MPRegen 0.09/turn               (no ring)

@: appendages (expiring)
A: horns 2, talons 2, AC +4, unfitting armour, cold-blooded
a: End Transformation


You were on level 1 of the Dungeon.
You had temporarily grown beastly horns and talons.
You visited 1 branch of the dungeon, and saw 1 of its levels.

You aren't carrying anything.


   Skills:
 + Level 1.1 Fighting
 + Level 1.9 Dodging
 + Level 3.1 Unarmed Combat
 + Level 2.4 Spellcasting
 + Level 2.1 Transmutations


You had 4 spell levels left.
You knew the following spells:

 Your Spells              Type           Power      Damage    Failure   Level
a - Beastly Appendage     Tmut           14%        N/A       11%         1

Your spell library contained the following spells:

 Spells                   Type           Power      Damage    Failure   Level
 Wereblood                Tmut           7%         N/A       16%         2
 Spider Form              Tmut/Pois      4%         N/A       43%         3
 Ice Form                 Ice/Tmut       4%         N/A       85%         4


Dungeon Overview and Level Annotations

Branches:
Dungeon (1/15)

Altars:


Innate Abilities, Weirdness & Mutations

You have temporarily grown beastly horns and talons.
Your plain brown scales are hard. (AC +4)
You cannot fit into any form of body armour.
You are cold-blooded and may be slowed by cold attacks.


Message History

The quokka is moderately wounded.
A bat comes into view.
The quokka misses you.
You hit the quokka. You claw the quokka.
You kill the quokka!
The bat hits you but does no damage.
You have reached level 2!
You hit the endoplasm.
You kill the endoplasm!
The bat closely misses you.
Found 15 gold pieces.
The bat hits you but does no damage.
A dart slug comes into view.
The bat hits you but does no damage. The bat hits you.
You barely miss the bat. The bat hits you but does no damage.
Your horns disappear.
Your talons disappear.
The bat barely misses you. The bat hits you.
You closely miss the bat. The bat closely misses you.
The bat hits you but does no damage. x2
A gnoll comes into view. It is wielding a +0 spear.
You hit the bat but do no damage.
Your tail-slap misses the bat.
The bat closely misses you. The bat barely misses you.
You closely miss the bat. The bat barely misses you.
Casting: Beastly Appendage (safe; 11% risk of failure)
Confirm with . or Enter, or press ? or * to list all spells.
You grow a pair of large bovine horns.
Your feet morph into talons.
The bat completely misses you. The bat hits you but does no damage.
You hit the bat.
You kill the bat!
The dart slug launches a dart at you. The slug dart hits you.
* * * LOW HITPOINT WARNING * * *
The dart slug launches a dart at you. The slug dart hits you.
* * * LOW HITPOINT WARNING * * *
Your transformation is almost over.
Things that are here:
a +0 dagger; 3 stones The dart slug launches a dart at you.
The slug dart hits you.
You die...

###.# ...# #.
#..## ##. ##...
#... ...#
#..####.##
#.....†#.#######.#
#
#..†.@)....wg..$.#
#.
#.....#.########.#
#>##..#.##...
#.......##.###
###.........#
#..####.#.(! #.)#
#.##!( #..###..#..
#.........


You could see a gnoll and a dart slug.

Vanquished Creatures
  2 bats (D:1)
  2 endoplasms (D:1)
  A giant cockroach (D:1)
  A goblin (D:1)
  A kobold (D:1)
  A quokka (D:1)
8 creatures vanquished.

Notes
Turn   | Place    | Note
-------+----------+-------------------------------------------
     0 | D:1      | a11behringer the Draconian Transmuter began the quest for
                  | the Orb.
     0 | D:1      | Reached XP level 1. HP: 16/16 MP: 3/3
   104 | D:1      | Reached XP level 2. HP: 11/23 MP: 3/5
   120 | D:1      | Killed from afar by a dart slug

Illustrated notes

Levels and vault maps discovered:
D:1:      minmay_arrival_stone_box, layout_loops_ring, serial_shops,
          nicolae_shop_stone, minmay_tetromino_t4

Action                   || total
-------------------------++-------
Melee: Unarmed           ||    28
       Kick              ||     2
       Tailslap          ||     2
       Headbutt          ||     1
       Punch             ||     1
 Cast: Beastly Appendage ||     4
Armor: Skin              ||    14
Dodge: Dodged            ||    21

Table legend: (Time is in decaauts)
 A = Elapsed time spent in this place.
 B = Non-inter-level travel time spent in this place.
 C = Inter-level travel time spent in this place.
 D = Time resting spent in this place.
 E = Time spent auto-exploring this place.
 F = Levels seen in this place.
 G = Mean time per level.
                   A        B        C        D        E       F      G
               +--------+--------+--------+--------+--------+-----+--------+
         Total |    119 |    119 |      0 |      0 |     64 |   1 |  119.0 |
       Dungeon |    119 |    119 |      0 |      0 |     64 |   1 |  119.0 |
               +--------+--------+--------+--------+--------+-----+--------+

Top non-repeatable levels by time:
     D:1: 119 daAuts
